Map: Станция Проксима РВ

Players

Murena

  • Race: Terran Terran
  • Spawn Location: 7:00

ИИ 1 (эксперт) - Winner!

  • Race: Protoss Protoss
  • Spawn Location: 1:00

VOD

Have the link to the VOD?

Description

Time

  • Played on: March 29, 2019, 3:07 a.m.
  • Length: 12:19
Show
View Real Time Build Order
Export as new Build Order

Murena Terran 

Build Orders:  

Get SALT Encoding   

  12  0:00  SCV  
  13  0:13  Refinery  
  13  0:16  SCV  
  14  0:26  Supply Depot  
  14  0:29  SCV  
  15  0:48  Barracks  
  15  0:50  SCV  
  16  0:58  Refinery  
  16  1:03  SCV  
  17  1:15  SCV  
  18  1:28  SCV  
  19  1:37  Factory  
  19  1:38  Marine  
  20  1:42  SCV  
  21  1:48  Supply Depot  
  21  1:54  SCV  
  21  1:56  Marine  
  23  2:10  Factory  
  23  2:14  SCV  
  24  2:20  Factory Tech Lab  
  24  2:22  Marine  
  25  2:27  SCV  
  26  2:42  Barracks Reactor, Armory  
  26  2:52  Supply Depot  
  26  2:54  Factory Tech Lab  
  26  3:03  Orbital Command  
  26  3:28  Thor  
  32  3:44  Thor  
  32  3:46  Marine  
  39  3:53  Supply Depot  
  39  4:00  Supply Depot  
  39  4:15  Thor  
  45  4:19  Marine  
  45  4:20  Marine  
  47  4:41  Thor  
  47  4:44  Marine  
  47  4:45  Marine  
  55  4:47  Supply Depot  
  55  4:59  Supply Depot  
  55  5:08  Barracks  
  55  5:10  Marine  
  55  5:11  Marine  
  57  5:17  SCV  
Show
View Real Time Build Order
Export as new Build Order

ИИ 1 (эксперт) Protoss - Winner!

Build Orders: Colossus Rush 

Get SALT Encoding   

  12  0:00  Probe  
  13  0:13  Probe  
  14  0:19  Pylon  
  14  0:25  Probe  
  15  0:33  Probe  
  15  0:39  Gateway  
  15  0:41  Probe  
  16  0:48  Assimilator  
  17  0:51  Probe  
  18  0:59  Probe  
  18  1:02  Pylon  
  19  1:07  Probe  
  19  1:18  Probe  
  21  1:28  Zealot  
  21  1:30  Probe  
  21  1:31  Cybernetics Core  
  24  1:42  Probe  
  25  2:00  Nexus, Probe  
  25  2:08  Probe  
  26  2:09  Warp Gate  
  27  2:16  Stalker, Probe  
  30  2:28  Pylon  
  30  2:29  Probe  
  31  2:39  Gateway  
  31  2:41  Assimilator  
  31  2:46  Probe  
  31  2:49  Adept  
  34  2:56  Pylon  
  34  2:58  Probe  
  35  3:06  Probe  
  35  3:08  Probe  
  37  3:14  Probe  
  37  3:19  Adept  
  40  3:22  Robotics Facility  
  40  3:26  Adept  
  42  3:29  Probe  
  42  3:30  Probe  
  44  3:41  Probe  
  45  3:42  Probe  
  45  3:47  Adept  
  46  3:53  Probe  
  46  3:54  Probe  
  50  4:04  Adept  
  50  4:05  Probe  
  50  4:07  Probe  
  54  4:13  Robotics Bay  
  54  4:15  Observer  
  54  4:17  Pylon, Probe  
  55  4:19  Probe  
  55  4:23  Robotics Facility  
  57  4:24  Adept  
  57  4:28  Pylon  
  57  4:29  Probe  
  57  4:31  Stalker  
  62  4:40  Probe  
  62  4:42  Probe, Pylon  
  62  4:44  Stalker  
  66  5:02  Colossus, Gateway  
  66  5:12  Zealot  
  66  5:14  Pylon  
  74  5:15  Zealot  
  76  5:27  Pylon  
  76  5:30  Zealot  
  76  5:32  Zealot  
  80  5:44  Probe x2  
  80  5:45  Stalker  
  80  5:46  Assimilator  
  84  5:50  Twilight Council  
  84  5:54  Forge  
  84  5:57  Nexus, Assimilator  
  84  5:59  Sentry  
  84  6:01  Forge  
  86  6:08  Probe x2  
  88  6:14  Pylon  
  88  6:17  Probe  
  88  6:20  Probe  
  88  6:25  Probe  
  90  6:29  Zealot x2  
  90  6:32  Zealot  
  95  6:34  Templar Archives  
  95  6:38  Pylon  
  77  6:42  Zealot  
  67  6:49  Zealot  
  67  6:53  Zealot  
  61  7:02  Adept  
  55  7:09  Probe x3, Zealot  
  55  7:11  Zealot  
  57  7:18  Probe  
  57  7:21  Assimilator, Probe x2  
  48  7:22  Stalker  
  48  7:25  Stalker  
  48  7:26  Probe  
  48  7:29  High Templar  
  47  7:33  Probe  
  45  7:37  Assimilator  
  45  7:40  Probe  
  40  7:45  Zealot  
  40  7:46  High Templar, Probe  
  40  7:49  Probe  
  40  7:53  Probe  
  40  7:58  Probe  
  35  8:01  High Templar  
  35  8:04  Probe  
  35  8:05  Adept, Probe  
  32  8:13  Probe  
  32  8:17  Probe  
  32  8:18  Zealot  
  29  8:20  Probe  
  29  8:25  Sentry  
  29  8:26  Stalker, Probe  
  29  8:35  Adept  
  27  8:46  Adept  
  28  8:48  Zealot  
  28  8:49  Stalker  
  26  9:03  Pylon  
  26  9:08  Zealot  
  27  9:11  High Templar  
  29  9:21  Probe  
  28  9:24  High Templar  
  28  9:29  Probe  
  27  9:33  Probe x2  
  27  9:40  Adept  
  27  9:41  Probe  
  28  9:51  Stalker  
  27  9:54  Zealot  
  27  9:58  Pylon  
  24  10:04  Pylon  
  24  10:14  Cybernetics Core, High Templar  
  24  10:18  Pylon  
  24  10:35  Pylon  
  24  10:37  High Templar  
  23  10:55  Pylon  
  23  11:00  Adept  
  25  11:11  Probe, Pylon  
  21  11:20  High Templar  
  21  11:22  Probe  
  21  11:24  Probe  
  18  11:32  Gateway  
  16  11:35  Probe  
  14  11:42  Pylon  
  12  11:48  Adept  
  12  11:49  Probe  
  15  11:55  Probe  
  15  12:00  Probe  
  17  12:01  Stalker  
  17  12:07  Probe  
Tags
 
Add a new tag
Caveats
  • Supply blocks, unpowered buildings, or Contaminate may cause inaccurate times.
  • Supply counts are checked every 10 seconds.